Map: Disco Bloodbath LE

Players

SKillous - Winner!

  • Race: Protoss Protoss
  • Spawn Location: 3:00

TurkeyDano

  • Race: Protoss Protoss
  • Spawn Location: 9:00

VOD

Have the link to the VOD?

Description

Time

  • Played on: Sept. 6, 2019, 12:35 p.m.
  • Length: 5:41
Show
View Real Time Build Order
Export as new Build Order

SKillous Protoss - Winner!

Build Orders:  

Get SALT Encoding   

  12  0:01  Probe  
  13  0:13  Probe  
  14  0:17  Pylon  
  14  0:24  Probe  
  15  0:32  Probe  
  15  0:38  Gateway  
  15  0:40  Probe  
  16  0:49  Assimilator  
  17  0:51  Probe  
  18  0:57  Assimilator  
  18  1:04  Probe  
  19  1:16  Probe  
  20  1:22  Zealot  
  20  1:28  Probe  
  23  1:40  Pylon  
  23  1:57  Cybernetics Core  
  23  1:58  Probe  
  24  2:10  Probe  
  25  2:16  Assimilator  
  25  2:21  Assimilator  
  25  2:22  Probe  
  26  2:26  Stalker  
  28  2:38  Warp Gate  
  28  2:40  Probe  
  29  2:57  Pylon  
  29  2:59  Probe  
  30  3:10  Stalker  
  30  3:11  Probe  
  32  3:40  Stalker  
  32  3:44  Probe  
  26  3:56  Probe  
  23  4:08  Probe  
  22  4:20  Probe  
  22  4:32  Probe  
  22  4:34  Gateway  
  22  4:35  Stalker  
  25  4:43  Probe  
  25  4:44  Pylon  
  26  4:51  Probe  
  26  4:59  Probe  
  27  5:03  Stalker  
  30  5:12  Robotics Facility  
  30  5:15  Probe  
  31  5:27  Probe  
Show
View Real Time Build Order
Export as new Build Order

TurkeyDano Protoss 

Build Orders:  

Get SALT Encoding   

  12  0:01  Probe  
  13  0:13  Probe  
  14  0:19  Pylon  
  14  0:25  Probe  
  15  0:37  Probe  
  15  0:38  Forge  
  16  1:23  Pylon x2  
  15  1:28  Probe  
  16  1:40  Pylon  
  16  1:44  Probe  
  17  1:57  Pylon  
  17  2:01  Pylon  
  17  2:02  Gateway  
  17  2:04  Pylon  
  16  2:13  Probe  
  17  2:40  Zealot  
  17  2:41  Pylon  
  17  2:42  Pylon  
  17  2:43  Pylon  
  19  2:59  Photon Cannon  
  19  3:02  Zealot  
  18  3:10  Photon Cannon  
  18  3:11  Pylon  
  18  3:12  Pylon  
  20  3:13  Pylon  
  20  3:15  Photon Cannon  
  18  3:26  Photon Cannon  
  18  3:32  Zealot  
  18  3:34  Pylon  
  17  3:51  Zealot, Probe  
  20  4:03  Probe  
  19  4:10  Gateway  
  19  4:15  Probe  
  21  4:25  Pylon  
  19  4:34  Probe  
  18  4:45  Nexus  
  18  4:51  Photon Cannon  
  18  5:03  Photon Cannon  
  18  5:10  Photon Cannon  
  18  5:11  Zealot  
  18  5:16  Probe  
  21  5:32  Photon Cannon  
Tags
 
Add a new tag
Caveats
  • Supply blocks, unpowered buildings, or Contaminate may cause inaccurate times.
  • Supply counts are checked every 10 seconds.